 Dungeon Crawl Stone Soup version 0.31-a0-180-g519b7de00c (webtiles) character file.

Game seed: 6662994777565020976

953 rabbitsville the Firebug (level 7, -1/50 HPs)
             Began as a Demigod Fire Elementalist on June 20, 2023.
             Slain by an orc warrior
             ... wielding a +0 long sword
              (13 damage)
             ... on level 5 of the Dungeon.
             The game lasted 00:15:34 (5205 turns).

rabbitsville the Firebug (DgFE)                     Turns: 5205, Time: 00:15:35

Health: -1/50      AC:  2    Str: 13    XL:     7   Next: 59%
Magic:  8/18       EV: 12    Int: 31    God:
Gold:   375        SH:  0    Dex: 18    Spells: 13/16 levels left

rFire   . . .        y - +1 great sword "Dragonbane" {heavy, Str+4 Dex+4}
rCold   . . .        (shield currently unavailable)
rNeg    . . .        a - +0 robe
rPois   .            (no helmet)
rElec   .            (no cloak)
rCorr   .            (no gloves)
SInv    .            (no boots)
Will    .....        (no amulet)
Stlth   ++           A - +6 ring of intelligence
HPRegen 0.28/turn    v - ring of flight
MPRegen 0.16/turn

%: no passive effects
@: flying
A: high MP 1, forlorn, divine attributes
a: no special abilities


You were on level 5 of the Dungeon.
You visited 1 branch of the dungeon, and saw 6 of its levels.

You collected 399 gold pieces.
You spent 24 gold pieces at shops.

Inventory:

Hand Weapons
 c - a +0 spear
 e - a +0 sling
 m - a +2 dagger of venom
 y - the +1 great sword "Dragonbane" (weapon) {heavy, Str+4 Dex+4}
   (You found it on level 5 of the Dungeon)

   Str:       It affects your strength (+4).
   Dex:       It affects your dexterity (+4).
Armour
 a - a +0 robe (worn)
 q - the +1 scale mail "Raubi" {Harm SInv}
   (You found it on level 2 of the Dungeon)

   SInv:      It lets you see invisible.
   Harm:      It increases damage dealt and taken.
Magical Staves
 p - a staff of air
 w - a staff of conjuration
Jewellery
 h - a +6 ring of strength
 v - a ring of flight (right hand)
 A - a +6 ring of intelligence (left hand)
Wands
 B - a wand of roots (5)
Scrolls
 f - 4 scrolls of fog
 g - a scroll of teleportation {unknown}
 k - 3 scrolls of identify
 l - a scroll of amnesia {unknown}
 r - a scroll of brand weapon {unknown}
 u - 2 scrolls of enchant weapon {unknown}
 z - a scroll of enchant armour {unknown}
Potions
 b - a potion of magic
 d - 2 potions of degeneration {unknown}
 i - a potion of heal wounds {unknown}
 j - 2 potions of mutation {unknown}
 n - 2 potions of curing
 o - a potion of might {unknown}
 s - a potion of brilliance {unknown}
 t - a potion of invisibility {unknown}
 x - 2 potions of berserk rage {unknown}


   Skills:
 - Level 1.7 Dodging
 - Level 1.7 Stealth
 * Level 5.1 Spellcasting
 + Level 3.6 Conjurations
 * Level 5.8 Fire Magic


You had 13 spell levels left.
You knew the following spells:

 Your Spells              Type           Power      Damage    Failure   Level
a - Foxfire               Conj/Fire      100%       2x1d9     1%          1
b - Scorch                Fire           88%        2d9       1%          2

Your spell library contained the following spells:

 Spells                   Type           Power      Damage    Failure   Level
 Momentum Strike          Conj/Tloc      38%        3d9       3%          2
 Static Discharge         Conj/Air       38%        2-4/arc   3%          2
 Inner Flame              Hex/Fire       26%        N/A       4%          3
 Volatile Blastmotes      Fire/Tloc      52%        2d14      4%          3
 Necrotise                Necr           28%        1d5       5%          1
 Slow                     Hex            28%        N/A       5%          1
 Flame Wave               Conj/Fire      37%        2d10      8%          4
 Blink                    Tloc           14%        N/A       9%          2
 Lesser Beckoning         Tloc           14%        N/A       9%          2
 Confusing Touch          Hex            7%         N/A       16%         3
 Ozocubu's Armour         Ice            7%         N/A       16%         3
 Vampiric Draining        Necr           7%         2d6       16%         3
 Airstrike                Air            3%         2d(1-17)  47%         4
 Summon Lightning Spire   Summ/Air       7%         N/A       47%         4
 Agony                    Necr           7%         N/A       83%         5
 Ozocubu's Refrigeration  Ice            3%         4d8       100%        7


Dungeon Overview and Level Annotations

Branches:
Dungeon (6/15)
 Temple: D:4-7

Shops:
D:3 ?*:=

Annotations:
D:6 exclusion: steam dragon, Dowan


Innate Abilities, Weirdness & Mutations

You have an increased reservoir of magic. (+10% MP)
You shall have no god before yourself.
Your divine heritage dramatically boosts your attributes as you level up.


Message History

You fly downwards.
Level annotation: exclusion: steam dragon, Dowan The orc warrior shouts!
There is a stone staircase leading up here.
The orc warrior hits you with a +0 long sword!
You fly upwards.
There is a stone staircase leading down here.
Flames lash the orc warrior.
The orc warrior is lightly wounded.
The orc warrior's fire resistance burns away.
The orc warrior barely misses you.
You conjure some foxfire!
The orc warrior hits you with a +0 long sword!
You are too injured to fight recklessly!
Casting: Scorch (safe; 1% risk of failure)
Press: ? - help, Q - select action, (/) - cycle Dir - look around, f - activate Flames lash the orc warrior.
The orc warrior is burned terribly!
The orc warrior is moderately wounded.
The foxfire hits the orc warrior but does no damage.
The orc warrior is moderately wounded.
The foxfire hits the orc warrior!
The orc warrior is burned terribly!
The orc warrior is heavily wounded.
The orc warrior closely misses you.
Casting: Scorch (safe; 1% risk of failure)
Press: ? - help, Q - select action, (/) - cycle Dir - look around, f - activate Flames lash the orc warrior.
The orc warrior is burned terribly!
The orc warrior is almost dead.
The orc warrior hits you with a +0 long sword!
* * * LOW HITPOINT WARNING * * *
Casting: Scorch (safe; 1% risk of failure)
Press: ? - help, Q - select action, (/) - cycle Dir - look around, f - activate Flames lash the orc warrior but do no damage.
The orc warrior hits you with a +0 long sword.
* * * LOW HITPOINT WARNING * * *
Casting: Scorch (safe; 1% risk of failure)
Press: ? - help, Q - select action, (/) - cycle Dir - look around, f - activate Flames lash the orc warrior.
The orc warrior is almost dead.
The orc warrior hits you with a +0 long sword!
You die...

######.####..#.)......#### ##.
...........#.##......##..# #.
......................#.## #.
#..8..#..................# ##.
##...##...#......#.#....### ##..
#######.........##........####...
##...##.........#.###.#..........
#..8..#.........o.# #.#.......##.
................@.###.........##.
##............#..#...#.......###.
.......)........#...##.......# #.
...............##.###........# #.
.....#..#.........##.........# #.
....##..........)............# #.
.....#.##....................# #.
#..#......#..................# #.
#.........#......#.#.........# #.


You could see an orc warrior (combustible).

Vanquished Creatures
  An ice beast (D:5)
  An ogre (D:6)
  A phantom (D:6)
  2 bullfrogs (D:6)
  A scorpion (D:4)
  2 hounds
  3 orc priests
  An iguana (D:4)
  4 sleepcaps
  2 orc wizards (D:5)
  3 gnolls (D:2)
  7 adders
  A white imp (D:6)
  2 ufetubi
  2 dart slugs
  9 orcs
  4 bats
  5 endoplasms
  4 giant cockroaches
  6 goblins
  6 hobgoblins
  2 jackals (D:1)
  6 quokkas
  6 ball pythons
  4 frilled lizards
  5 kobolds
  A rat (D:2)
91 creatures vanquished.

Vanquished Creatures (others)
  277 foxfires
277 creatures vanquished.

Grand Total: 368 creatures vanquished

Notes
Turn   | Place    | Note
-------+----------+-------------------------------------------
     0 | D:1      | rabbitsville the Demigod Fire Elementalist began the quest
                  | for the Orb.
     0 | D:1      | Reached XP level 1. HP: 14/14 MP: 5/5
    69 | D:1      | Reached skill level 1 in Conjurations
   260 | D:1      | Reached XP level 2. HP: 20/20 MP: 4/7
   963 | D:2      | Reached XP level 3. HP: 26/26 MP: 5/9
  1033 | D:2      | Identified the +1 scale mail "Raubi" {Harm SInv}
  1301 | D:2      | Reached XP level 4. HP: 33/33 MP: 6/10
  1889 | D:2      | Learned a level 2 spell: Scorch
  2153 | D:3      | Found Humu's Book Shop.
  2182 | D:3      | Found Eckux's Jewellery Boutique.
  2238 | D:3      | Found Ilimut's Assorted Antiques.
  2395 | D:3      | Found Icuynaus's Magic Scroll Boutique.
  2411 | D:3      | Bought a scroll of identify for 24 gold pieces
  2664 | D:4      | Reached XP level 5. HP: 14/38 MP: 3/12
  3012 | D:4      | Reached XP level 6. HP: 42/45 MP: 4/14
  3106 | D:4      | You are sucked into a shaft and drop 2 floors!
  3263 | D:6      | Noticed a steam dragon
  3285 | D:5      | Entered Level 5 of the Dungeon
  3322 | D:5      | Reached skill level 5 in Fire Magic
  3358 | D:5      | Identified the +1 great sword "Dragonbane" {heavy, Str+4
                  | Dex+4}
  4080 | D:5      | Reached XP level 7. HP: 50/50 MP: 10/17
  4785 | D:6      | Noticed Dowan
  4954 | D:6      | Reached skill level 5 in Spellcasting
  5205 | D:5      | Slain by an orc warrior

Illustrated notes

Levels and vault maps discovered:
D:1:      dpeg_arrival_round_c, layout_rooms, item_on_display_a
D:2:      layout_basic
D:3:      layout_loops_ring, serial_shops, shop, nicolae_shop_statue_plus, shop,
          shop
D:4:      layout_rooms, kennysheep_path_1, chequers_serial_rivers_small_a
D:5:      layout_layer_cave, serial_bayou_pond_a, minmay_misc_feat_hallway,
          mrwooster_statue_mirror
D:6:      layout_basic, serial_shops, shop, minmay_misc_feat_tower, uniq_duvessa

Skill      XL: |  1  2  3  4  5  6  7 |
---------------+----------------------+-----
Conjurations   | 1 2 3 |  3.6
Spellcasting   | 2 3 4 5 |  5.1
Fire Magic     | 3 4 5 |  5.8
Dodging        | |  1.7
Stealth        | |  1.7

Action                     |  1- 3 |  4- 6 |  7- 9 || total
---------------------------+-------+-------+-------++-------
  Melee: Spear             |    13 |    13 |       ||    26
         Staff             |       |     4 |       ||     4
         Great sword       |       |     3 |       ||     3
   Fire: Sling             |     1 |       |       ||     1
   Cast: Foxfire           |    49 |    91 |    22 ||   162
         Scorch            |       |    15 |    16 ||    31
    Use: Scroll            |       |     1 |       ||     1
 Armour: Robe              |     1 |    10 |       ||    11
  Dodge: Dodged            |     9 |    46 |     4 ||    59

Table legend: (Time is in decaauts)
 A = Elapsed time spent in this place.
 B = Non-inter-level travel time spent in this place.
 C = Inter-level travel time spent in this place.
 D = Time resting spent in this place.
 E = Time spent auto-exploring this place.
 F = Levels seen in this place.
 G = Mean time per level.
                   A        B        C        D        E       F      G
               +--------+--------+--------+--------+--------+-----+--------+
         Total |   5213 |   5078 |    135 |    314 |   3728 |   6 |  868.8 |
       Dungeon |   5213 |   5078 |    135 |    314 |   3728 |   6 |  868.8 |
               +--------+--------+--------+--------+--------+-----+--------+

Top non-repeatable levels by time:
     D:5: 1392 daAuts
     D:2: 1235 daAuts
     D:3: 811 daAuts
     D:4: 695 daAuts
     D:1: 672 daAuts
     D:6: 406 daAuts
